 Dungeon Crawl Stone Soup version 0.16.1-4-g8e1b745 (webtiles) character file.

693 RobertPalmer the Covert (level 7, 0/45 HPs)
             Began as an Octopode Warper on Mar 27, 2015.
             Was a Believer of Kikubaaqudgha.
             Slain by an orc
             ... wielding a +0 club
              (3 damage)
             ... on level 3 of the Dungeon.
             The game lasted 00:11:12 (5269 turns).

RobertPalmer the Covert (Octopode Warper)           Turns: 5269, Time: 00:11:13

Health: 0/45       AC:  2    Str: 11    XL:     7   Next: 64%
Magic:  12/12      EV: 13    Int: 15    God:    Kikubaaqudgha [**....]
Gold:   269        SH:  0    Dex: 13    Spells: 2 memorised, 7 levels left

rFire  . . .     SeeInvis +     a - +2 dagger (venom)
rCold  + . .     Clarity  .     (no shield)
rNeg   . . .     SustAb   .     s - +1 hat {SInv}
rPois  .         Gourm    .     (no amulet)
rElec  .         Spirit   .     i - ring of protection from magic {MR+, !d}
rCorr  .         Warding  .     r - ring of protection from cold {rC+, !d}
rMut   .         Stasis   .     (no ring)
MR     +....                    (no ring)
Stlth  +++++.....               (no ring)
                                (no ring)
                                (no ring)
                                (no ring)

@: somewhat resistant to hostile enchantments, quite stealthy
A: almost no armour, amphibious, 8 rings, constrict 8, camouflage 1, gelatinous
body 1
a: Receive Corpses, Renounce Religion


You were on level 3 of the Dungeon.
You worshipped Kikubaaqudgha.
Kikubaaqudgha was pleased with you.
You were hungry.

You visited 1 branch of the dungeon, and saw 6 of its levels.

You collected 269 gold pieces.

Inventory:

Hand weapons
 a - a +2 dagger of venom (weapon)
   (You took it off an orc on level 3 of the Dungeon)
 b - a +1 dagger of holy wrath
   (You took it off an orc wizard on level 3 of the Dungeon)
 z - a +1 short sword of protection
   (You took it off an orc on level 4 of the Dungeon)
Missiles
 e - 5 tomahawks of dispersal (quivered) {=f}
 p - 31 poisoned needles
 A - 2 poisoned tomahawks
 C - a throwing net {=f, !d}
Armour
 s - a +1 hat of see invisible (worn)
   (You found it on level 3 of the Dungeon)
Jewellery
 i - a ring of protection from magic (left tentacle) {MR+, !d}
   (You found it on level 3 of the Dungeon)
 r - a ring of protection from cold (right tentacle) {rC+, !d}
   (You found it on level 2 of the Dungeon)
Scrolls
 t - a scroll of amnesia
 y - a scroll of remove curse
 B - 2 scrolls of identify
Potions
 h - 2 potions of magic {unknown}
 j - 3 potions of curing
 k - a potion of resistance {unknown}
 n - 4 potions of haste {unknown}
 q - 2 potions of cancellation
 u - a potion of might {unknown}
Books
 c - a book of Spatial Translocations
 v - Kikubaaqudgha's Compendium of Unholy Arts
   (Kikubaaqudgha gifted it to you on level 3 of the Dungeon)

   Spells                             Type                      Level
   a - Pain                           Necromancy                   1
   b - Corpse Rot                     Necromancy                   2
   c - Sublimation of Blood           Necromancy                   2
   d - Vampiric Draining              Necromancy                   3
   e - Control Undead                 Necromancy                   4
Comestibles
 f - 3 bread rations {@e1}
 g - 4 fruits
 m - 3 beef jerkies
 o - 3 meat rations {@e2}
 x - a royal jelly


   Skills:
 - Level 2.0 Fighting
 - Level 5.2 Short Blades
 - Level 1.0 Throwing
 + Level 3.2 Dodging
 - Level 8.5 Stealth
 - Level 2.0 Spellcasting
 - Level 3.0 Translocations


You had 7 spell levels left.
You knew the following spells:

 Your Spells              Type           Power        Failure   Level  Hunger
b - Blink                 Tloc           N/A          12%         2    ###....
g - Apportation           Tloc           ##........   8%          1    #......


Dungeon Overview and Level Annotations

Branches:
Dungeon (6/15)             Temple (0/1) D:5

Altars:
Ashenzari
Cheibriados
Kikubaaqudgha
Sif Muna
Trog
Zin
Beogh

Annotations:
D:4 Prince Ribbit
D:6 exclusion: 2 slaves, Fluffy's ghost, experienced HOFi; Grinder; Pikel


Innate Abilities, Weirdness & Mutations

You cannot wear most types of armour.
You are amphibious.
You can wear up to eight rings at the same time.
You can use your tentacles to constrict many enemies at once.
Your skin changes colour to match your surroundings (Stealth).
Your rubbery body absorbs attacks (AC +1).


Message History

The gnoll barely misses you. The gnoll closely misses you.
You hit the gnoll.
The gnoll looks even sicker.
You constrict the gnoll.
You kill the gnoll!
Kikubaaqudgha accepts your kill. The bat hits you but does no damage.
You hit the gnoll. Your grab misses the gnoll. Your squeeze misses the gnoll.
The bat closely misses you. The gnoll misses you. The bat hits you.
The gnoll hits you with a club. The gnoll barely misses you.
Things that are here:
a whip; a throwing net {=f, !d} You take 5 damage, and have 40/45 hp.
You hit the gnoll but do no damage.
The gnoll is poisoned.
Your grab misses the gnoll. You squeeze the gnoll!
The bat hits you but does no damage. The gnoll hits you with a club.
You take 3 damage, and have 37/45 hp.
You closely miss the gnoll. Your grab misses the gnoll.
The bat barely misses you. The gnoll closely misses you.
The gnoll hits you with a club.
You take 2 damage, and have 35/45 hp.
You hit the gnoll.
The gnoll is poisoned.
Your grab misses the gnoll. The bat closely misses you.
You closely miss the gnoll. You grab the gnoll. You constrict the gnoll.
The bat hits you. The gnoll barely misses you. The gnoll hits you with a club.
You take 7 damage, and have 28/45 hp.
You hit the gnoll.
The gnoll looks even sicker.
Your grab misses the gnoll. Your squeeze misses the gnoll.
You constrict the gnoll.
You kill the gnoll!
Kikubaaqudgha accepts your kill. The bat hits you.
The bat hits you but does no damage.
You take 1 damage, and have 27/45 hp.
You hit the gnoll but do no damage. Your grab misses the gnoll.
The bat hits you. The gnoll hits you with a club!
You take 11 damage, and have 16/45 hp.
MASSIVE DAMAGE!!
You hit the gnoll. You grab the gnoll. You constrict the gnoll.
The bat closely misses you. The gnoll hits you with a club.
* * * LOW HITPOINT WARNING * * *
You take 5 damage, and have 11/45 hp.
You hit the gnoll.
You kill the gnoll!
Kikubaaqudgha accepts your kill. The bat misses you. The bat misses you.
There is a stone staircase leading up here.
The bat hits you but does no damage. The bat hits you but does no damage.
The bat hits you.
* * * LOW HITPOINT WARNING * * *
You take 1 damage, and have 11/45 hp.
The bat barely misses you.
You see here 13 gold pieces.
The bat barely misses you.
You hit the bat.
You kill the bat!
Kikubaaqudgha accepts your kill.
There is a stone staircase leading up here.
You now have 269 gold pieces (gained 13).
There is a stone staircase leading up here.
You start resting.
You are feeling hungry.
You regained 4 hp, and now have 16/45 hp.
You start resting.
You regained 2 hp, and now have 18/45 hp.
Unknown command.
You climb upwards.
Level annotation: Prince Ribbit
There is a stone staircase leading down here.
You start resting.
An orc priest comes into view. It is wielding a hand axe.
You regained 4 hp, and now have 22/45 hp.
An orc priest is nearby!
The orc priest shouts!
The orc priest invokes the aid of Beogh against you.
Something smites you!
* * * LOW HITPOINT WARNING * * *
You take 11 damage, and have 11/45 hp.
MASSIVE DAMAGE!!
There is a stone staircase leading down here.
You start resting.
An orc comes into view. It is wielding a war axe.
There is a stone staircase leading down here.
The orc priest mumbles some strange prayers to Beogh against you.
Something smites you!
* * * LOW HITPOINT WARNING * * *
You take 11 damage, and have 1/45 hp.
MASSIVE DAMAGE!!
The orc priest utters an invocation to Beogh.
You feel a wave of unholy energy pass over you.
There is a stone staircase leading up here.
You climb upwards. 4 orcs come into view.
The orc shouts!
There is a stone staircase leading down here.
Read which item? (? for menu, Esc to quit)
Okay, then.
An orc comes into view. It is wielding a club.
The orc shouts!
The orc hits you with a club.
You die...
Kikubaaqudgha rasps: "You have failed me!
Welcome... death!"

#.###.........#...##.#
#.# ##..####.......#.#
#.# #..## #.........#
#.# #...# ###.....###
#.# #...######...##
#.# ##...........##
#.###...#..#####.#
#..........# ##.#
#####.....## #.@#
#####.#..#####o.###
#.....##oo........#
#.######oo8.....8.#
#.# #..........# #.#
#.....>....# #.#
#..........# ##.#
#..........# .<.#
#..........#


You could see an orc.

Vanquished Creatures
  An ogre (D:6)
  A scorpion (D:4)
  A hound (D:4)
  Crazy Yiuf (D:3)
  2 orc wizards
  2 orc priests
  An iguana (D:5)
  11 adders
  14 gnolls
  2 worms
  An ooze (D:3)
  22 orcs
  13 bats
  9 goblins
  7 hobgoblins
  3 jackals (D:5)
  7 kobolds
  4 quokkas
  6 giant cockroaches
  3 giant geckos
  2 giant newts
  12 rats
125 creatures vanquished.

Notes
Turn   | Place    | Note
--------------------------------------------------------------
     0 | D:1      | RobertPalmer, the Octopode Warper, began the quest for the Orb.
     0 | D:1      | Reached XP level 1. HP: 14/14 MP: 3/3
   296 | D:1      | Reached XP level 2. HP: 19/19 MP: 4/4
   804 | D:2      | Reached skill level 3 in Short Blades
   833 | D:2      | Reached XP level 3. HP: 10/24 MP: 6/6
   846 | D:2      | HP: 6/24 [poisoned by an adder]
   854 | D:2      | HP: 5/24 [poisoned by an adder]
  1324 | D:2      | Reached skill level 4 in Short Blades
  1324 | D:2      | Reached XP level 4. HP: 21/29 MP: 7/7
  1536 | D:2      | Found a snail-covered altar of Cheibriados.
  1536 | D:2      | Found an ancient bone altar of Kikubaaqudgha.
  1576 | D:2      | Became a worshipper of Kikubaaqudgha
  1608 | D:2      | Found a deep blue altar of Sif Muna.
  2201 | D:3      | HP: 7/29 [poisoned by an orc]
  2419 | D:3      | Reached skill level 5 in Short Blades
  2419 | D:3      | Reached XP level 5. HP: 34/34 MP: 9/9
  2547 | D:3      | Reached skill level 1 in Stealth
  2596 | D:3      | Acquired Kikubaaqudgha's first power
  2596 | D:3      | Received a gift from Kikubaaqudgha
  2597 | D:3      | Identified Kikubaaqudgha's Compendium of Unholy Arts (Kikubaaqudgha gifted it to you on level 3 of the Dungeon)
  2651 | D:3      | Learned a level 2 spell: Blink
  2786 | D:3      | Reached skill level 2 in Stealth
  3151 | D:3      | Noticed Crazy Yiuf
  3157 | D:3      | Killed Crazy Yiuf
  3157 | D:3      | Reached skill level 3 in Stealth
  3345 | D:4      | Reached skill level 4 in Stealth
  3345 | D:4      | Reached XP level 6. HP: 36/39 MP: 10/10
  3352 | D:4      | Found a roughly hewn altar of Beogh.
  3374 | D:4      | Reached skill level 5 in Stealth
  3509 | D:3      | HP: 9/39 [poisoned by an orc]
  3941 | D:4      | Reached skill level 6 in Stealth
  3966 | D:4      | Found a glowing silver altar of Zin.
  4008 | D:4      | Noticed Prince Ribbit
  4213 | D:5      | Entered Level 5 of the Dungeon
  4368 | D:5      | Found a staircase to the Ecumenical Temple.
  4394 | D:5      | Reached skill level 7 in Stealth
  4394 | D:5      | Reached XP level 7. HP: 45/45 MP: 12/12
  4398 | D:5      | Noticed a wyvern
  4421 | D:6      | Noticed Grinder
  4446 | D:6      | Reached skill level 8 in Stealth
  4646 | D:6      | Noticed Pikel
  4712 | D:6      | Noticed Fluffy's ghost (experienced HOFi)
  4753 | D:5      | Acquired Kikubaaqudgha's second power
  4849 | D:5      | Found a bloodstained altar of Trog.
  4875 | D:5      | Found a shattered altar of Ashenzari.
  5157 | D:5      | Reached skill level 3 in Dodging
  5168 | D:5      | HP: 11/45 [gnoll/club (5)]
  5173 | D:5      | HP: 11/45 [bat (1)]
  5247 | D:4      | HP: 11/45 [orc priest/divine providence (11)]
  5256 | D:4      | HP: 1/45 [orc priest/divine providence (12)]
  5269 | D:3      | Slain by an orc

Action                   |  1- 3 |  4- 6 |  7- 9 || total
-------------------------+-------+-------+-------++-------
Melee: Short sword       |    72 |    29 |       ||   101
       Dagger            |       |   138 |    64 ||   202
Throw: Tomahawk          |       |     6 |     8 ||    14
       Throwing net      |       |     1 |     1 ||     2
 Cast: Blink             |       |     1 |       ||     1
  Use: Scroll            |     6 |     3 |     5 ||    14
       Potion            |       |     1 |       ||     1
 Stab: Sleeping          |     3 |     7 |     6 ||    16
       Distracted        |       |     1 |       ||     1
  Eat: Chunk             |     1 |    10 |     2 ||    13

Vault maps used:
D:1:      dpeg_arrival_rooms_c, serial_bayou_lagoon_a, hangedman_decor_points
D:2:      lemuel_doored_altar, gammafunk_temple_overflow_elements, first_bread
D:3:      st_stairs_1, uniq_crazy_yiuf_cottage
D:4:      old_standard_altar, kennysheep_orc_chapel, uniq_prince_ribbit1
D:5:      nicolae_overflow_hidden_temple, minmay_temple_entry_junction,
          minmay_holes, minmay_strange_pillars, kennysheep_windowed_goal
D:6:      gammafunk_temple_overflow_pools, uniq_eustachio, uniq_natasha,
          uniq_pikel, uniq_grinder

Table legend:
 A = Turns spent in this place as a percentage of turns spent in the entire game.
 B = Non-inter-level travel turns spent in this place as a percentage of non-inter-level travel turns spent in the entire game.
 C = Inter-level travel turns spent in this place as a percentage of turns spent in this place.
 D = Turns resting spent in this place as a percentage of non-inter-level travel turns spent in this place.
 E = Turns spent auto-exploring this place as a percentage of non-inter-level travel turns spent in this place.
 F = Non-inter-level travel turns spent in this place divided by the number of levels of this place that you've seen.
                   A       B       C       D       E      F
               +-------+-------+-------+-------+-------+----------------------
         Total | 100.0 | 100.0 |   0.4 |   2.7 |   5.9 | 326.8
       Dungeon | 100.0 | 100.0 |   0.4 |   2.7 |   5.9 | 326.8
               +-------+-------+-------+-------+-------+----------------------

Table legend:
 A = Kills in this place as a percentage of kills in entire the game.
 B = Kills by you in this place as a percentage of kills by you in the entire game.
 C = Kills by friends in this place as a percentage of kills by friends in the entire game.
 D = Other kills in this place as a percentage of other kills in the entire game.
 E = Experience gained in this place as a percentage of experience gained in the entire game.
 F = Experience gained in this place divided by the number of levels of this place that you have seen.
                   A       B       C       D       E      F
               +-------+-------+-------+-------+-------+----------------------
         Total | 100.0 | 100.0 |  -nan |  -nan | 100.0 | 165.0
       Dungeon | 100.0 | 100.0 |  -nan |  -nan | 100.0 | 165.0
               +-------+-------+-------+-------+-------+----------------------
